Cogmind - Beta 10 X2 --- EXPLORER MODE // 2020.07.18 @ 21:21:13 // Experiment/BattleRoyale Player: Minty Result: Destroyed self via exploding Fusion Modulator Performance ------------- Evolutions (0) 0 Regions Visited (0) 0 Robots Destroyed (1) 5 Value Destroyed (500) 500 Prototype IDs (1) 20 Alien Tech Used (0) 0 Bonus (0) 0 TOTAL SCORE: 525 Bonus ------- None Cogmind --------- Core Integrity 0/250 Matter 55/300 Energy 893/925 System Corruption 0% Temperature Cool (199) Movement Treading (166) Location -5/Wartown Parts ------- > --- POWER (2) -------- Deuterium Engine Quantum Reactor > --- PROPULSION (4) --- Armored Treads Armored Medium Treads Spiked Heavy Treads > --- UTILITY (7) ------ Power Amplifier High-capacity Battery Makeshift Salvage Targeting Computer Improved Cloaking Device Improved Powered Armor Advanced Thermal Shield Improved Shock Absorption System > --- WEAPON (3) ------- Makeshift Laser Hardcell Cannon Shock Maul > --- INVENTORY (4) ---- (None) Peak State ------------ > --- POWER ------------ Deuterium Engine Quantum Reactor > --- PROPULSION ------- Armored Treads Armored Medium Treads Spiked Heavy Treads > --- UTILITY ---------- Power Amplifier High-capacity Battery Makeshift Salvage Targeting Computer Improved Cloaking Device Improved Powered Armor Advanced Thermal Shield Improved Shock Absorption System > --- WEAPON ----------- Makeshift Laser Hardcell Cannon Shock Maul > --- INVENTORY -------- (None) [Rating: 88] Favorites ----------- Power Deuterium Engine Engine Deuterium Engine Reactor Quantum Reactor Propulsion Spiked Heavy Treads Treads Spiked Heavy Treads Hover Unit Linear Gravjet Utility Power Amplifier Device Power Amplifier Storage High-capacity Battery Processor Makeshift Salvage Targeting Computer Protection Improved Powered Armor Weapon Hardcell Cannon Energy Gun Makeshift Laser Ballistic Cannon Hardcell Cannon Launcher Long-range Missile Launcher Impact Weapon Shock Maul Build | -5 ------- Run | Tow Slots Evolved . | . Power . | . Propulsion . | . Utility . | . Weapon . | . Parts Attached 7 | 7 Power . | . Engine . | . Core . | . Reactor . | . Propulsion 4 | 4 Treads 2 | 2 Leg . | . Wheel . | . Hover 2 | 2 Flight . | . Utility 1 | 1 Device . | . Storage . | . Processor . | . Hackware . | . Protection 1 | 1 Artifact . | . Weapon 2 | 2 Energy Gun 1 | 1 Energy Cannon . | . Ballistic Gun . | . Ballistic Cannon . | . Launcher . | . Special Weapon . | . Impact Weapon 1 | 1 Slashing Weapon . | . Piercing Weapon . | . Special Melee Weapon . | . Unidentified Prototypes 1 | 1 Parts Lost . | . Power . | . Propulsion . | . Utility . | . Weapon . | . Highest Loss Streak . | . Average Slot Usage (%) 91 | 91 Engine 6 | 6 Reactor 6 | 6 Treads 17 | 17 Device 25 | 25 Storage 6 | 6 Processor 6 | 6 Protection 5 | 5 Energy Gun 4 | 4 Ballistic Cannon 6 | 6 Launcher 4 | 4 Impact Weapon 1 | 1 Naked Turns . | . Heaviest Build 75 | 75 Greatest Support 122 | 122 Greatest Overweight (x) . | . Average Overweight (x) . | . Largest Inventory Capacity 4 | 4 Average Capacity 4 | 4 Most Carried . | . Average Carried . | . Final Capacity 4 | 4 Final Carried . | . Class Distribution -------------------- 58% | Hacker-Tank 41% | Hacker-Mutant Dominant Class ---------------- Hacker-Tank | -5/Wartown Resources | -5 ----------- Run | Tow Matter Collected . | . Remotely . | . Salvage Created . | . Parts . | . Haulers Intercepted . | . Recyclers Shooed . | . Parts Field Recycled . | . Retrieved Matter . | . Parts Self-Destructed . | . Prevented . | . Kills | -5 ------- Run | Tow Combat Hostiles Destroyed 1 | 1 Cannons 1 | 1 Classes Destroyed 1 | 1 Player 1 | 1 Best Kill Streak 1 | 1 Combat Bots Only 1 | 1 Max Kills in Single Turn 1 | 1 Gunslinging . | . Exploded . | . Melee . | . Uniques/NPCs Destroyed . | . Combat | -5 -------- Run | Tow Damage Taken 585 | 585 Core 252 | 252 Absorbed by Shields . | . Redirected to Core 6046 | 6046 Core Remaining (%) . | . Volleys Fired 13 | 13 Largest 3 | 3 Hottest 165 | 165 Shots Fired 30 | 30 Gun 3 | 3 Cannon 20 | 20 Launcher 7 | 7 Special . | . Kinetic 20 | 20 Thermal 3 | 3 Explosive 7 | 7 Electromagnetic . | . Robot Hit Streak 17 | 17 Robot Miss Streak 1 | 1 Penetration Max . | . Secondary Targets . | . Shots Hit Robots 24 | 24 Core Hits 2 | 2 Critical Hits . | . Critical Kills . | . Critical Parts Destroyed . | . Melee Attacks 1 | 1 Impact 1 | 1 Slashing . | . Piercing . | . Sneak Attacks . | . Combat Hostiles . | . Follow-up Attacks . | . Damage Inflicted 862 | 862 Guns 12 | 12 Cannons 451 | 451 Explosions 356 | 356 Melee 43 | 43 Ramming . | . Kinetic 451 | 451 Thermal 67 | 67 Explosive 301 | 301 Electromagnetic . | . Impact 43 | 43 Slashing . | . Piercing . | . Highest Corruption . | . Average Corruption . | . Corruption Purged . | . Overload Shots . | . Overflow Damage . | . Projectiles . | . Explosions . | . Melee . | . Knockbacks 4 | 4 Impact . | . Kinetic 4 | 4 Secondary . | . Self-Inflicted Damage 44 | 44 Shots 4 | 4 Rammed . | . Targets Rammed . | . Kicked . | . Crushed . | . Highest Temperature 529 | 529 Average Temperature 173 | 173 Received Heat Transfer 36 | 36 Effects 6 | 6 Shutdowns 5 | 5 Short Circuit 1 | 1 Siege Activations . | . Robots Corrupted . | . Combat Hostiles . | . Parts Fried . | . Impact Corruptions . | . Robots Melted . | . Combat Hostiles . | . Parts Melted . | . Heat Transferred 21 | 21 Parts Sabotaged . | . Parts Stolen . | . Parts Stripped . | . Power Chain Reactions . | . Missiles Intercepted . | . Alert | -5 ------- Run | Tow Peak Influence . | . Average Influence . | . Maximum Alert Level . | . Low Security (%) . | . Level 1 . | . Level 2 . | . Level 3 . | . Level 4 . | . Level 5 . | . High Security . | . Max Security . | . Squads Dispatched . | . Investigation . | . Extermination . | . Reinforcement . | . Assault . | . Garrison . | . Intercept . | . Construction Impeded . | . Haulers Reinforced . | . Stealth | -5 --------- Run | Tow Distress Signals . | . Communications Jammed . | . Distress Signals . | . Times Spotted 2 | 2 Peak Tracking Total 1 | 1 Tactical Retreats . | . Traps | -5 ------- Run | Tow Traps Triggered . | . Indirectly . | . Trap Hack Attempts . | . Triggered . | . Disarmed . | . Reprogrammed . | . Reused . | . Traps Extracted . | . Installed . | . Triggered . | . Machines | -5 ---------- Run | Tow Machines Disabled 9 | 9 Max in Single Turn 2 | 2 Machines Sabotaged . | . Garrisons Compromised . | . Overloaded Fab Kills . | . Fab Network Shutdowns . | . Hacking | -5 --------- Run | Tow Machines Accessed . | . Terminals . | . Fabricators . | . Repair Stations . | . Recycling Units . | . Scanalyzers . | . Garrison Access . | . Total Hacks . | . Successful . | . Failed . | . Catastrophic . | . Database Lockouts . | . Manual . | . Terminals . | . Fabricators . | . Repair Stations . | . Recycling Units . | . Scanalyzers . | . Garrison Access . | . Terminal Hacks . | . Fabricator Hacks . | . Repair Station Hacks . | . Recycling Unit Hacks . | . Scanalyzer . | . Garrison Access Hacks . | . Unauthorized Hacks . | . Terminals . | . Fabricators . | . Repair Stations . | . Recycling Units . | . Scanalyzers . | . Garrison Access . | . Data Cores Recovered . | . Used . | . Hacking Detections . | . Full Trace Events . | . Feedback Events . | . Feedback Blocked . | . Robot Schematics Acquired . | . Robots Built . | . Matter . | . Time . | . Total Robot Build Rating . | . Part Schematics Acquired . | . Parts Built . | . Matter . | . Time . | . Total Part Build Rating . | . Parts Repaired . | . Time . | . Parts Recycled . | . Recycled Matter . | . Retrieved Matter . | . Retrieved Components . | . Parts Scanalyzed . | . Part Schematics Acquired . | . Parts Damaged . | . Bothacking | -5 ------------ Run | Tow Used RIF Installer . | . Robots Hacked . | . Non-combat . | . Combat . | . Robot Hacks Applied . | . Relay Couplers Released . | . Robots Rewired . | . Allies Hacked . | . Hacks Repelled . | . Allies | -5 -------- Run | Tow Total Allies . | . Largest Group . | . Highest-Rated Group . | . Highest-Rated Ally . | . Total Orders . | . Ally Attacks . | . Total Damage . | . Kills . | . Allies Corrupted . | . Allies Melted . | . Intel | -5 ------- Run | Tow Robot Analysis Total . | . Derelict Logs Recovered . | . Drone Launches . | . Drone Recoveries . | . Exploration | -5 ------------- Run | Tow Turns Passed 823 | 823 Spaces Moved 401 | 401 Core . | . Treads 401 | 401 Legs . | . Wheels . | . Hover . | . Flight . | . Fastest Speed 160 | 160 Average Speed 165 | 165 Slowest Speed 166 | 166 Overloaded Moves . | . Propulsion Burnouts . | . Robots Hopped . | . Cave-ins Triggered . | . Exploration Rate (%) 15 | 15 Regions Visited 1 Branch Regions 1 Pre-discovered Areas . | . Known Exits Taken . | . Unknown Exits Taken . | . Scrap Searched . | . Spaces Dug . | . Terrain Destroyed 24 | 24 Melee . | . Projectile 1 | 1 AOE 23 | 23 Actions | -5 --------- Run | Tow Total 533 | 533 Wait 105 | 105 Move 401 | 401 Hop . | . Pick Up . | . Fast Attach 7 | 7 Attach . | . Detach . | . Swap . | . Drop 6 | 6 Fire 13 | 13 Melee 1 | 1 Ram . | . Kick . | . Crush . | . Escape Stasis . | . Rewire . | . Trap . | . Miscellaneous . | . Route ------- -5/Wartown History --------- Turn | Location | Event 103 | -5/Wartown | Core integrity fell below 50% 115 | -5/Wartown | Found Imp. Powered Armor 495 | -5/Wartown | Build established: Hacker-Tank 784 | -5/Wartown | Core integrity fell below 20% 824 | -5/Wartown | Destroyed self via exploding Fusion Modulator Last Messages --------------- 00109_ Dropped Broken Mass Driver. 00111_ Power failure, Quantum Reactor shutdown. 00115_ Acquired Imp. Powered Armor. 00118_ Acquired Arm. Medium Treads. 00129_ The unstable cave ceiling collapses. 00189_ Acquired Mak. Laser. 00569_ Dropped Lrn. Missile Launcher. 00569_ Acquired Prototype Impact Weapon. 00569_ Identified Shock Maul. 00612_ Neutrino Reactor explodes. 00621_ Nuclear Reactor explodes. 00672_ The unstable cave ceiling collapses. 00675_ Nuclear Reactor explodes. 00677_ The unstable cave ceiling collapses. 00728_ Nuclear Reactor explodes. 00729_ The unstable cave ceiling collapses. 00802_ Door malfunctions. 00805_ Penetrated by Slug. 00806_ Power failure, Deuterium Engine shutdown. 00824_ Fusion Modulator explodes. Map ----- +----------------------------------------------------+ | ????????????????????????????? | | ????????????????????????????? | | ????????????????????????????? | | #????????????????????????????? | | = #????????????????????????????? | | " #????????????????????????????? | | ##" "# #########+#"#????????????????? | | ????????????????? | | ]????????????????? | | !???????????????? | | ### ???????????????? | | + +??????????????? | | # ###??????????????? | | # #??????????????? | | # """ ;;;;## #??????????????? | | # " # #??????????????? | | # # #??????????????? | | " #??????????????? | | ########## # #??????????????? | | # #?????????# # #######????????? | | #?????????# "" # ????????? | | ! #?????????# """ # ????????? | | # #?????????# """ / #??????????????? | | # #?????????# ; #??????????????? | | #?????????#########;@ #??????????????? | | ? #?????????# @ #??????????????? | | #?????????# #??????????????? | | ? ??????????# +??????????????? | | ? ??????? ! #??????????????? | | ??? ????? #??????????????? | | ???????????? ?????????????? | | ???????????? [ ????????????? | | ???????????? ??? ?????????????? | | ????????????? ############;;####?????????????????? | | ?????????????????????????? ????????????????????? | | ?????????????????????????? ????????????????????? | | ?????????????????????????? ????????????????????? | | ?????????????????????????? ???????????????????? | | ?????????????????????????? ???????????????????? | | ?????????????????????????? ???????????????????? | | ?????????????????????????? ?????????????????????? | | ?????????????????????????????????????????????????? | | ?????????????????????????????????????????????????? | | ?????????????????????????????????????????????????? | | ?????????????????????????????????????????????????? | | ?????????????????????????????????????????????????? | | ?????????????????????????????????????????????????? | | ?????????????????????????????????????????????????? | | ?????????????????????????????????????????????????? | | ?????????????????????????????????????????????????? | +----------------------------------------------------+ Best States ------------- Heat Dissipation 25 Energy Generation 39 Energy Capacity 925 Matter Stores 300 Matter Capacity 300 Sight Range 16 Terrain Scan Density 10 Cloak Strength 3 Power Amplification 20 Armor Coverage 400 Resistance: KI 35 Resistance: TH 65 Resistance: EX 85 Resistance: EM 35 Resistance: I 35 Resistance: S 35 Resistance: P 35 Evasion (%) 40 Recoil Reduction 4 Salvage Targeting 4 Offensive Hacking 20 Item Schematics ----------------- None Robot Schematics ------------------ None Fabricated ------------ Nothing Alien Tech Used ----------------- None Achievements -------------- None Challenges ------------ None Game ------ Seed PropulsionDirtyBlaster Manual? 0 Play Time 00:04:31 Cumulative 211.1 hours Start 2020.07.18 @ 21:17:14 End 2020.07.18 @ 21:21:13 Sessions 1 Manual Loads 0 Difficulty Explorer Special Mode Experiment/BattleRoyale Game No. 113 Rogue 0 Adventurer 44 Explorer 69 Win Type - Total 3 Types 2/0/1/0/0/0/0 Lore% 53 Gallery% 79 Achievement% 57 Wizard Run 0 Options --------- ASCII 0 Keyboard 0 Movement Mouse Keybinds 0 Fullscreen 1 Font 18/TerminusBold Map View 76x50 Tactical HUD 1 Map Filters NONE Filters SATURATION(100) Steam 1 RUN: a0a793e6-bbe4-4d7e-9fc3-b4e9461802b3